[Event "Titled Tuesday Blitz March 22 Early 2022"]
[White "Rosenberg, Evan S"]
[Black "Skliarov, Viktor"]
[WhiteFideId "2019299"]
[BlackFideId "14106736"]
[WhiteElo "2301"]
[BlackElo "2229"]
[Result "0-1"]
[Round "01"]
[TimeControl "180+1"]
[Date "2022.03.22"]
[WhiteClock "0:00:01"]
[BlackClock "0:00:19"]

1. d4 Nf6 2. c4 e6 3. Nc3 Bb4 4. Nf3 b6 5. Qb3 c5 6. Bg5 h6 7. Bh4 g5 8. Bg3 Ne4 9. e3 Bb7 10. a3 Bxc3+ 11. bxc3 Nc6 12. Bd3 Nxg3 13. hxg3 Na5 14. Qc2 Rc8 15. d5 Qf6 16. e4 e5 17. Nh2 Ba6 18. Qe2 h5 19. Rb1 Ke7 20. g4 hxg4 21. Qxg4 Qf4 22. Qxf4 gxf4 23. Ke2 Bxc4 24. d6+ Ke6 25. Nf3 f6 26. Nh4 Bxd3+ 27. Kxd3 c4+ 28. Kc2 Kxd6 29. Rhd1+ Kc7 30. Nf5 Rh2 31. Rg1 Rg8 32. Rbd1 Rgxg2 33. Rxg2 Rxg2 34. Rd2 Nb7 35. f3 Rg1 36. Rh2 Nc5 37. Rh6 Rg2+ 38. Kd1 Nd3 0-1


[Site "https://www.chess.com"]

[Event "Titled Tuesday Blitz March 22 Early 2022"]
[White "Ruge, Edison"]
[Black "Lewtak, Damian"]
[WhiteFideId "4401000"]
[BlackFideId "1141724"]
[WhiteElo "2175"]
[BlackElo "2362"]
[Result "0-1"]
[Round "01"]
[TimeControl "180+1"]
[Date "2022.03.22"]
[WhiteClock "0:00:01"]
[BlackClock "0:00:07"]

1. e4 c5 2. Nf3 d6 3. d3 Nc6 4. Nbd2 g6 5. g3 Bg7 6. Bg2 e6 7. O-O Nge7 8. Re1 O-O 9. c3 Rb8 10. h4 h6 11. h5 g5 12. Nh2 Ne5 13. Ndf1 c4 14. dxc4 Nxc4 15. f4 gxf4 16. gxf4 Nxb2 17. Bxb2 Qb6+ 18. Kh1 Qxb2 19. Qxd6 Nc6 20. e5 Rd8 21. Qc5 b6 22. Qc4 Na5 23. Qc7 Ba6 24. Rad1 Rdc8 25. Qe7 Qxc3 26. Re3 Qc5 27. Qh4 Qf8 28. Rd7 Bb7 29. Rg3 Bxg2+ 30. Kxg2 Kh8 31. Rxa7 Nc6 32. Ra4 Ne7 33. Qg4 Nf5 34. Rd3 Rc2+ 35. Kh1 Qc5 36. Rd2 Qc6+ 37. Qg2 Qxa4 38. Rxc2 Qxf4 39. Rf2 Qxe5 40. Ng4 Qb5 41. Ng3 Nxg3+ 42. Qxg3 Qxh5+ 43. Rh2 Qg5 44. Qxb8+ Kh7 45. Qg3 f5 46. Nf6+ Bxf6 47. Qxg5 Bxg5 48. Re2 Bf6 49. Rxe6 Bd4 50. a4 f4 51. Kg2 Be3 52. Kf3 h5 53. Kg2 Kg7 54. Kh3 Bd4 55. Re4 Be3 56. Re6 Kf7 57. Rc6 f3 58. Rc3 f2 59. Kg2 Bd4 60. Rc6 Kg7 61. Rc4 Be3 62. Rh4 Kg6 63. Re4 Bc5 64. Re6+ Kf5 65. Rc6 h4 66. a5 h3+ 67. Kf1 h2 68. Rh6 bxa5 69. Rh5+ Ke4 70. Rxh2 a4 71. Rh4+ Kd3 72. Rxa4 Be3 73. Ra3+ Kd4 74. Ke2 Ke4 75. Ra4+ Bd4 76. Rb4 Kd5 0-1


[Site "https://www.chess.com"]

[Event "Titled Tuesday Blitz March 22 Early 2022"]
[White "Ruperez Benito, Antonio"]
[Black "Zemerov, Vladimir"]
[WhiteFideId "22245049"]
[BlackFideId "4111583"]
[WhiteElo "2249"]
[BlackElo "2277"]
[Result "1/2-1/2"]
[Round "01"]
[TimeControl "180+1"]
[Date "2022.03.22"]
[WhiteClock "0:00:25"]
[BlackClock "0:01:30"]

1. e4 Nc6 2. Nf3 d5 3. e5 Bg4 4. Bb5 Qd7 5. h3 Bxf3 6. Qxf3 e6 7. O-O a6 8. Bxc6 Qxc6 9. c3 Ne7 10. d4 Qb6 11. Nd2 c5 12. Nb3 Nf5 13. dxc5 Bxc5 14. Nxc5 Qxc5 15. g4 Nh4 16. Qg3 Qe7 17. f4 h5 18. f5 hxg4 19. hxg4 O-O-O 20. Be3 Kb8 21. f6 Qf8 22. Bg5 Ng6 23. fxg7 Qxg7 24. Bf6 Qh7 25. Bxh8 Rxh8 26. Qg2 Qh6 27. Rxf7 Qe3+ 28. Qf2 Qh3 29. Qg2 Qe3+ 30. Qf2 Qh3 31. Qg2 Qe3+ 1/2-1/2


[Site "https://www.chess.com"]

[Event "Titled Tuesday Blitz March 22 Early 2022"]
[White "Sailer, Mike"]
[Black "Coto Mederos, Michel"]
[WhiteFideId "2012901"]
[BlackFideId "3508528"]
[WhiteElo "2109"]
[BlackElo "2427"]
[Result "0-1"]
[Round "01"]
[TimeControl "180+1"]
[Date "2022.03.22"]
[WhiteClock "0:00:34"]
[BlackClock "0:00:30"]

1. d4 d5 2. Nf3 Nf6 3. Bf4 c5 4. e3 Nc6 5. Nc3 Bg4 6. Be2 e6 7. h3 Bxf3 8. Bxf3 cxd4 9. exd4 Bd6 10. Bxd6 Qxd6 11. O-O O-O 12. Ne2 Qb4 13. Rb1 Rac8 14. c3 Qa5 15. a3 Qc7 16. Nc1 Na5 17. Nd3 Nc4 18. Qe2 Ne8 19. g3 Ned6 20. Bg2 Rfe8 21. f4 Qd8 22. Ne5 Qf6 23. g4 Qh4 24. Nxc4 Nxc4 25. Rbe1 Nd6 26. Qf2 Qxf2+ 27. Rxf2 g6 28. Rfe2 Kf8 29. Kh2 Rc7 30. Kg3 Rce7 31. Kh4 h6 32. Kg3 f5 33. b3 Ne4+ 34. Bxe4 dxe4 35. Rc2 Rd7 36. Kf2 Rc8 37. Rec1 Ke7 38. Ke3 Kd6 39. c4 Ke7 40. Rd2 Rcd8 41. Rcd1 Rd6 42. Ke2 g5 43. Ke3 Kf6 44. d5 b5 45. dxe6 gxf4+ 46. Kxf4 Rxd2 47. Rxd2 Rxd2 48. gxf5 bxc4 49. bxc4 Rd4 50. c5 Rc4 51. c6 Rxc6 52. Kxe4 Rc5 0-1


[Site "https://www.chess.com"]

[Event "Titled Tuesday Blitz March 22 Early 2022"]
[White "Salinas Herrera, Pablo"]
[Black "Gracia Alvarez, Gerardo Antonio"]
[WhiteFideId "3407128"]
[BlackFideId "5109124"]
[WhiteElo "2541"]
[BlackElo "2139"]
[Result "1-0"]
[Round "01"]
[TimeControl "180+1"]
[Date "2022.03.22"]
[WhiteClock "0:00:09"]
[BlackClock "0:00:09"]

1. d4 Nf6 2. Nf3 g6 3. Bf4 Bg7 4. e3 d6 5. h3 O-O 6. Bh2 Nc6 7. Be2 e5 8. O-O exd4 9. exd4 Re8 10. c4 Ne4 11. Nc3 Bf5 12. Nd5 Be6 13. Ne3 Bd7 14. Rc1 f5 15. a3 a5 16. Nd5 Kh8 17. Re1 a4 18. Bf1 Na5 19. Qd3 Nb3 20. Rcd1 c6 21. Nc3 Nxc3 22. Qxc3 c5 23. Bxd6 cxd4 24. Qb4 Bc6 25. Ne5 Qf6 26. Nxc6 bxc6 27. c5 d3 28. Bxd3 Qxb2 29. Rxe8+ Rxe8 30. Qxa4 Nd4 31. Bf1 h6 32. Qb4 Ne2+ 33. Kh1 Qc2 34. Qd2 Qxd2 35. Rxd2 Nc3 36. g3 Re1 37. Kg2 Ra1 38. Bf4 Rxa3 39. Rd8+ Kh7 40. Rd7 Kg8 41. Bc4+ Nd5 42. Bxd5+ cxd5 43. c6 Rc3 44. c7 g5 45. Rxg7+ Kxg7 46. Be5+ 1-0


[Site "https://www.chess.com"]

[Event "Titled Tuesday Blitz March 22 Early 2022"]
[White "Samaganova, Aleksandra"]
[Black "Krishnan, Varun"]
[WhiteFideId "13800221"]
[BlackFideId "5054508"]
[WhiteElo "1859"]
[BlackElo "2596"]
[Result "0-1"]
[Round "01"]
[TimeControl "180+1"]
[Date "2022.03.22"]
[WhiteClock "0:00:04"]
[BlackClock "0:00:05"]

1. c4 e6 2. Nc3 d5 3. e3 Nf6 4. Nf3 Be7 5. d4 O-O 6. cxd5 exd5 7. Bd3 c6 8. h3 a5 9. O-O b5 10. a3 Nbd7 11. Re1 Nb6 12. e4 b4 13. axb4 axb4 14. Rxa8 Nxa8 15. Na4 dxe4 16. Bxe4 Nxe4 17. Rxe4 Bf5 18. Re1 Nc7 19. Ne5 Qd5 20. Nb6 Qb5 21. Na4 Ne6 22. Be3 h6 23. b3 Bg5 24. Nb2 Qd5 25. Nbc4 f6 26. Nd3 Rd8 27. Nxb4 Qb5 28. Na2 Nc7 29. Nc3 Qb4 30. Na2 Qb5 31. Bxg5 hxg5 32. Nc3 Qb4 33. Ne2 Be6 34. Qc1 Nd5 35. Ng3 Nf4 36. Kh2 Rxd4 37. Qe3 Rd8 38. Ne4 Bxc4 39. bxc4 Qxc4 40. g3 Nd5 41. Qf3 Qd4 42. Nd6 Rxd6 43. Re8+ Kf7 44. Qh5+ g6 45. Qh8 Qxf2+ 46. Kh1 Qf1+ 47. Kh2 Qf2+ 48. Kh1 Qf3+ 49. Kh2 Ne7 50. Qf8+ Ke6 51. Qxe7+ Kd5 52. Qe2 Qxe2+ 53. Rxe2 c5 54. h4 gxh4 55. gxh4 Rc6 56. Rg2 f5 57. Rg5 c4 58. h5 gxh5 59. Rxf5+ Kd4 60. Rxh5 c3 61. Rh8 c2 62. Rd8+ Kc3 63. Re8 c1=Q 0-1


[Site "https://www.chess.com"]

[Event "Titled Tuesday Blitz March 22 Early 2022"]
[White "Santos Flores, Alberto"]
[Black "Matlakov, Maxim"]
[WhiteFideId "3601234"]
[BlackFideId "4168003"]
[WhiteElo "2235"]
[BlackElo "2669"]
[Result "0-1"]
[Round "01"]
[TimeControl "180+1"]
[Date "2022.03.22"]
[WhiteClock "0:00:05"]
[BlackClock "0:00:30"]

1. e4 c5 2. Nf3 d6 3. Bb5+ Bd7 4. Bxd7+ Nxd7 5. c4 e5 6. Nc3 g6 7. d3 Bg7 8. O-O Ne7 9. Ne1 O-O 10. Nc2 h6 11. Ne3 f5 12. Ned5 f4 13. Nxe7+ Qxe7 14. Nd5 Qf7 15. a3 h5 16. b4 g5 17. Rb1 b6 18. a4 Rab8 19. Ba3 g4 20. a5 Nf6 21. axb6 axb6 22. bxc5 Nxd5 23. cxd5 bxc5 24. Qc2 h4 25. Rxb8 Rxb8 26. Rb1 Ra8 27. Bc1 h3 28. g3 Bh6 29. Qb2 fxg3 30. fxg3 Bxc1 31. Rxc1 Qf3 32. Qd2 Ra2 33. Qg5+ Kf7 34. Qh5+ Ke7 35. Qg5+ Qf6 36. Qxf6+ Kxf6 37. Rf1+ Ke7 38. Rf5 Rg2+ 39. Kh1 Rd2 40. Kg1 Rxd3 41. Rg5 Rd1+ 42. Kf2 Rd2+ 43. Kg1 Rg2+ 44. Kf1 Rxh2 45. Rxg4 c4 46. Rh4 c3 47. Rh8 c2 0-1


[Site "https://www.chess.com"]

[Event "Titled Tuesday Blitz March 22 Early 2022"]
[White "Sarana, Alexey"]
[Black "Ismayil, Malak"]
[WhiteFideId "24133795"]
[BlackFideId "13412604"]
[WhiteElo "2666"]
[BlackElo "1879"]
[Result "1-0"]
[Round "01"]
[TimeControl "180+1"]
[Date "2022.03.22"]
[WhiteClock "0:01:52"]
[BlackClock "0:00:44"]

1. d4 Nf6 2. c4 e6 3. Nc3 Bb4 4. Nf3 O-O 5. Bg5 b6 6. e4 h6 7. Bh4 Be7 8. Bd3 d6 9. Qe2 Nbd7 10. e5 dxe5 11. dxe5 Ne8 12. Bxe7 Qxe7 13. Qe4 f5 14. Qxa8 Nc5 15. Bc2 Bb7 16. Qxa7 g5 17. Qa3 Ng7 18. b4 Ra8 19. Qb2 Nd7 20. Ne2 g4 21. Nfd4 Nxe5 22. O-O Nxc4 23. Qc3 Nd6 24. Bb3 Kh7 25. Rae1 Ne4 26. Qc2 c5 27. bxc5 bxc5 28. Nb5 Ba6 29. a4 Qf6 30. Ng3 Ng5 31. Qxc5 h5 32. Qe5 Qg6 33. Ne2 Re8 34. Nf4 Qh6 35. Nc7 Re7 36. Nxa6 1-0


[Site "https://www.chess.com"]

[Event "Titled Tuesday Blitz March 22 Early 2022"]
[White "Sargsyan, Anna M."]
[Black "Borodavkin, Anatoly"]
[WhiteFideId "13308130"]
[BlackFideId "14150662"]
[WhiteElo "2271"]
[BlackElo "1845"]
[Result "1-0"]
[Round "01"]
[TimeControl "180+1"]
[Date "2022.03.22"]
[WhiteClock "0:00:05"]
[BlackClock "0:00:03"]

1. d4 d5 2. c4 Nc6 3. Nf3 Bg4 4. Nc3 e6 5. cxd5 exd5 6. Bf4 Bb4 7. Qb3 Nge7 8. O-O-O O-O 9. Nb5 a6 10. Na3 Bd6 11. Bg5 f6 12. Bh4 Kh8 13. Bg3 Nf5 14. e3 Nce7 15. Nc2 c5 16. dxc5 Bxc5 17. Kb1 b5 18. Be2 Qb6 19. Nfd4 Bxe2 20. Nxe2 a5 21. Nf4 a4 22. Qd3 Rfd8 23. Qe2 b4 24. Nd4 b3 25. a3 Rac8 26. Nxf5 Nxf5 27. Nxd5 Qe6 28. e4 Nd4 29. Qd3 Nc2 30. f3 Bxa3 31. Qb5 Bf8 32. Nc7 Rxd1+ 33. Rxd1 Rxc7 34. Bxc7 a3 35. Kc1 a2 36. Kd2 a1=Q 37. Rxa1 Nxa1 38. Qb8 Qe7 39. Ke2 Qb4 40. Qa8 Nc2 41. Ba5 Nd4+ 42. Kd3 Qc5 43. Bb6 Qd6 44. Bxd4 h6 45. Ke3 Kh7 46. Qd5 Qxd5 47. exd5 Bd6 48. Kd3 Bxh2 49. Bc5 Kg8 50. Kc4 Kf7 51. Kxb3 Ke8 52. Kc4 Kd7 53. b4 g5 54. b5 f5 55. b6 g4 56. Be3 gxf3 57. gxf3 h5 58. f4 Bg3 59. Kb5 h4 60. Ka6 h3 61. b7 h2 62. b8=Q h1=Q 63. Qb7+ Ke8 64. Qc8+ Ke7 65. Bc5+ Kf7 66. Qe6+ Kg7 67. Qe7+ Kg6 68. Qe8+ Kg7 69. Bf8+ Kf6 70. Qe7+ Kg6 71. Qg7+ Kh5 72. Qg5# 1-0


[Site "https://www.chess.com"]

[Event "Titled Tuesday Blitz March 22 Early 2022"]
[White "Sarkar, Justin"]
[Black "Sanchez Alvares, Kelvin Antonio"]
[WhiteFideId "2010011"]
[BlackFideId "3906680"]
[WhiteElo "2038"]
[BlackElo "2193"]
[Result "0-1"]
[Round "01"]
[TimeControl "180+1"]
[Date "2022.03.22"]
[WhiteClock "0:00:01"]
[BlackClock "0:00:24"]

1. d4 d5 2. c4 c6 3. cxd5 cxd5 4. Nc3 Nc6 5. e4 Nf6 6. e5 Ne4 7. Bd3 Nxc3 8. bxc3 e6 9. Nf3 Be7 10. h4 b6 11. Bg5 h6 12. Be3 Bd7 13. Ba6 Bc8 14. Bb5 Bd7 15. Ba6 Qc7 16. Qd3 Bc8 17. Bb5 a6 18. Ba4 Bd7 19. O-O Na5 20. Bxd7+ Qxd7 21. Rfb1 Nc4 22. Nd2 b5 23. a4 Nxd2 24. Bxd2 bxa4 25. Rb6 O-O 26. Rxa6 Bxh4 27. R1xa4 Qxa4 28. Rxa4 Rxa4 29. g3 Be7 30. Qb5 Ra1+ 0-1


[Site "https://www.chess.com"]

[Event "Titled Tuesday Blitz March 22 Early 2022"]
[White "Selbes, Tarik"]
[Black "Sjugirov, Sanan"]
[WhiteFideId "6302513"]
[BlackFideId "4189302"]
[WhiteElo "2290"]
[BlackElo "2602"]
[Result "0-1"]
[Round "01"]
[TimeControl "180+1"]
[Date "2022.03.22"]
[WhiteClock "0:00:02"]
[BlackClock "0:00:05"]

1. Nf3 d5 2. g3 b6 3. Bg2 Bb7 4. O-O e6 5. d4 Nf6 6. Nbd2 c5 7. c4 Be7 8. cxd5 exd5 9. b3 O-O 10. Bb2 Nbd7 11. Rc1 Re8 12. Rc2 Bf8 13. e3 a5 14. a4 Rc8 15. Nb1 Ba6 16. Re1 c4 17. bxc4 Bxc4 18. Nfd2 Ba6 19. Rxc8 Qxc8 20. Nc3 Bb7 21. Qb3 Bb4 22. Rc1 Qd8 23. Ba3 Bxc3 24. Rxc3 Ne4 25. Nxe4 dxe4 26. Bd6 Nf6 27. Bc7 Qd7 28. Bxb6 Bd5 29. Qb5 Qxb5 30. axb5 a4 31. Bc5 h5 32. b6 Ra8 33. Bf1 Bb7 34. Bb5 Ra5 35. Bc4 Nd7 36. Ba2 g6 37. Kf1 Kg7 38. h4 Ra6 39. Ke2 Nxb6 40. Bxb6 Rxb6 41. Bc4 Rb2+ 42. Ke1 Rb4 43. d5 Rb1+ 44. Kd2 Rb2+ 45. Rc2 Rb6 46. Rb2 Rxb2+ 47. Kc3 Rxf2 0-1


[Site "https://www.chess.com"]

[Event "Titled Tuesday Blitz March 22 Early 2022"]
[White "Seo, Jung Min"]
[Black "Schrik, Rachid"]
[WhiteFideId "1734687"]
[BlackFideId "1009818"]
[WhiteElo "2401"]
[BlackElo "2070"]
[Result "1-0"]
[Round "01"]
[TimeControl "180+1"]
[Date "2022.03.22"]
[WhiteClock "0:01:03"]
[BlackClock "0:00:04"]

1. e4 c5 2. Nf3 Nc6 3. Bb5 Nf6 4. e5 Nd5 5. O-O g6 6. Re1 Bg7 7. Nc3 Nc7 8. Bxc6 dxc6 9. h3 O-O 10. d3 Ne6 11. Ne4 b6 12. Be3 Ba6 13. b3 Qd7 14. Qd2 Rfd8 15. Bh6 Bh8 16. Neg5 c4 17. bxc4 Nxg5 18. Bxg5 f6 19. exf6 exf6 20. Be3 c5 21. a4 Bb7 22. Qe2 f5 23. Ra3 Re8 24. Qd1 Re7 25. a5 Rae8 26. axb6 axb6 27. Bd2 Bxf3 28. Rxe7 Bxd1 29. Rxd7 Bxc2 30. Raa7 Bd4 31. Be3 Bxd3 32. Bxd4 cxd4 33. Rxd4 Be2 34. f3 Rc8 35. Ra4 b5 36. cxb5 Bxb5 37. Ra7 Rf8 38. Rb4 Be8 39. Rb8 Bf7 40. Rbb7 Kg7 41. Kf2 Kf6 42. f4 Kg7 43. Kg3 Kf6 44. Kh4 h6 45. Rb6+ Kg7 46. Raa6 Kg8 47. Rf6 Kg7 48. Rfd6 Re8 49. Ra7 Rf8 50. g4 fxg4 51. hxg4 Re8 52. Rdd7 Rf8 53. Kg3 Kg8 54. Re7 Kg7 55. Kf3 Kg8 56. Ke4 Kg7 57. Ke5 h5 58. g5 Re8 59. Rxe8 1-0


[Site "https://www.chess.com"]

[Event "Titled Tuesday Blitz March 22 Early 2022"]
[White "Shandrygin, Nikita"]
[Black "Bongo Akanga Ndjila, Barthelemy"]
[WhiteFideId "24198668"]
[BlackFideId "10609431"]
[WhiteElo "2324"]
[BlackElo "1803"]
[Result "1-0"]
[Round "01"]
[TimeControl "180+1"]
[Date "2022.03.22"]
[WhiteClock "0:00:27"]
[BlackClock "0:00:10"]

1. Nf3 d5 2. g3 Bg4 3. Bg2 c6 4. d4 Nd7 5. O-O e6 6. Nbd2 Ngf6 7. Ne5 Bh5 8. b3 Bd6 9. Bb2 O-O 10. c4 Re8 11. Re1 Bf8 12. Qc1 Rc8 13. e3 Bb4 14. a3 Bf8 15. f4 Bg6 16. Qd1 Qc7 17. Qe2 Rcd8 18. Rac1 Qa5 19. b4 Qa6 20. Bf1 Ne4 21. Nxe4 Bxe4 22. Nxd7 Rxd7 23. Qf2 Qb6 24. c5 Qd8 25. b5 Qa5 26. Bc3 Qxa3 27. Qd2 Qb3 28. Ra1 Ra8 29. Rec1 Rdd8 30. Bb4 f6 31. Ra3 Qxa3 32. Bxa3 cxb5 33. Bxb5 e5 34. fxe5 fxe5 35. dxe5 b6 36. Qd4 bxc5 37. Bxc5 Bxc5 38. Rxc5 Rab8 39. e6 a6 40. e7 axb5 41. Rxb5 Rdc8 42. Qc5 Ra8 43. Ra5 Bg6 44. Qxd5+ Bf7 45. Rxa8 Bxd5 46. Rxc8+ Kf7 47. e8=Q+ Kf6 48. Qd8+ Ke5 49. Rc7 Be6 50. Re7 Kf6 51. Qf8+ Bf7 52. Qe8 Bxe8 53. Rxe8 Kf7 54. Ra8 g6 55. Ra6 Kg7 56. Kg2 h6 57. h4 g5 58. Kh3 gxh4 59. Kxh4 Kh7 60. Kh5 Kg7 61. Rxh6 Kg8 62. Rg6+ Kf7 63. Kg5 Ke7 64. Kf5 1-0


[Site "https://www.chess.com"]

[Event "Titled Tuesday Blitz March 22 Early 2022"]
[White "Shtyka, Sergey"]
[Black "Fernandez, Daniel Howard"]
[WhiteFideId "4138465"]
[BlackFideId "5801605"]
[WhiteElo "2014"]
[BlackElo "2466"]
[Result "0-1"]
[Round "01"]
[TimeControl "180+1"]
[Date "2022.03.22"]
[WhiteClock "0:01:21"]
[BlackClock "0:02:15"]

1. e4 c5 2. Nf3 d6 3. d4 cxd4 4. Nxd4 Nf6 5. Nc3 g6 6. f4 Nc6 7. Nxc6 bxc6 8. e5 Nd7 9. exd6 exd6 10. Qd4 Nf6 11. Ne4 Be7 12. Nxf6+ Bxf6 13. Qe4+ Kd7 14. Be2 Re8 15. Qf3 Ba6 16. Be3 Bxe2 17. Qxe2 Bd4 18. Bxd4 Rxe2+ 19. Kxe2 Qa5 20. Bc3 Re8+ 21. Kd2 Qd5+ 22. Kc1 Qxg2 0-1


[Site "https://www.chess.com"]

[Event "Titled Tuesday Blitz March 22 Early 2022"]
[White "Silva, Kaua Marques"]
[Black "Vokhidov, Shamsiddin"]
[WhiteFideId "22701168"]
[BlackFideId "14204223"]
[WhiteElo "2071"]
[BlackElo "2611"]
[Result "0-1"]
[Round "01"]
[TimeControl "180+1"]
[Date "2022.03.22"]
[WhiteClock "0:00:08"]
[BlackClock "0:01:09"]

1. e4 c5 2. Nf3 e6 3. d4 cxd4 4. Nxd4 Nf6 5. Nc3 Nc6 6. Nxc6 bxc6 7. e5 Nd5 8. Ne4 Qc7 9. f4 Qb6 10. c4 Bb4+ 11. Ke2 f5 12. Nf2 Ne7 13. Be3 Bc5 14. Bxc5 Qxc5 15. Rc1 g5 16. g3 gxf4 17. gxf4 Ng6 18. Qd2 Ba6 19. b3 d5 20. Nd3 Qd4 21. Qe3 Qe4 22. Rg1 dxc4 23. bxc4 Bxc4 24. Qxe4 fxe4 25. Rxc4 exd3+ 26. Kxd3 Rd8+ 27. Ke4 Rf8 28. Rg4 Rd1 29. Be2 Rd2 30. Ke3 Rxa2 31. Rxc6 Ra3+ 32. Bd3 Kd7 33. Rd6+ Ke7 34. h4 Rf5 35. Ke4 Ra4+ 36. Ke3 Nxe5 37. Rg7+ Kxd6 38. Bxf5 Nc4+ 39. Kf3 exf5 40. Rxh7 Ra3+ 41. Kf2 Ne3 42. h5 Ng4+ 43. Ke2 Kd5 44. Re7 Rh3 45. Rxa7 Rxh5 46. Kf3 Rh3+ 47. Kg2 Rc3 48. Rf7 Ke4 49. Kh1 Kf3 50. Ra7 Rc1# 0-1


[Site "https://www.chess.com"]

[Event "Titled Tuesday Blitz March 22 Early 2022"]
[White "Skuhala, Barbara"]
[Black "Jary, Sergey"]
[WhiteFideId "14605465"]
[BlackFideId "14110350"]
[WhiteElo "2155"]
[BlackElo "2260"]
[Result "0-1"]
[Round "01"]
[TimeControl "180+1"]
[Date "2022.03.22"]
[WhiteClock "0:02:15"]
[BlackClock "0:01:22"]

1. e4 c5 2. Nf3 Nc6 3. g3 g6 4. Bg2 Bg7 5. O-O e6 6. Re1 Nge7 7. c3 O-O 8. d4 cxd4 9. cxd4 d5 10. e5 Qb6 11. Nc3 Nf5 12. Ne2 Bd7 13. g4 Nfe7 14. Ng3 Rac8 15. g5 Nb4 16. Re2 Bb5 17. Rd2 Rc7 18. a3 Nbc6 19. b4 Bc4 20. h4 a5 21. bxa5 Nxa5 22. Bb2 Nb3 23. Rb1 Nxd2 24. Qxd2 Rfc8 25. Qe1 Bd3 26. Rd1 Qxb2 27. Rxd3 Rc1 0-1


[Site "https://www.chess.com"]

[Event "Titled Tuesday Blitz March 22 Early 2022"]
[White "Stanisz, Patryk"]
[Black "Voit, Daria"]
[WhiteFideId "1123106"]
[BlackFideId "4182146"]
[WhiteElo "1876"]
[BlackElo "2323"]
[Result "0-1"]
[Round "01"]
[TimeControl "180+1"]
[Date "2022.03.22"]
[WhiteClock "0:00:12"]
[BlackClock "0:00:50"]

1. Nf3 d5 2. d4 Bg4 3. Ne5 Bf5 4. c4 e6 5. Nc3 c6 6. e3 Nd7 7. f4 Nxe5 8. fxe5 f6 9. exf6 Nxf6 10. Bd3 Bg4 11. Be2 Bxe2 12. Qxe2 Bb4 13. Bd2 O-O 14. O-O Bxc3 15. Bxc3 Ne4 16. Bb4 Rxf1+ 17. Rxf1 Qg5 18. Qf3 h6 19. Qf7+ Kh7 20. Qf4 Qxf4 21. Rxf4 Kg6 22. cxd5 cxd5 23. Rf8 Rxf8 24. Bxf8 h5 25. Kf1 Kf6 26. Ke2 g6 27. Bb4 Kf5 28. Be1 Nf6 29. h3 Ke4 30. Bh4 Ne8 31. Be7 Ng7 32. g4 hxg4 33. hxg4 Ne8 34. Bd8 Nd6 35. b3 Nb5 36. Ba5 Na3 37. Bc7 Nc2 38. Bf4 Nb4 39. a4 Nd3 40. Bb8 Nc1+ 41. Kd1 Nxb3 42. Kc2 Na5 43. Bxa7 Kxe3 44. Kc3 Nc6 45. Bc5 Kf4 46. Kd3 Kxg4 47. Ke3 g5 48. Bd6 Kh3 49. Bc7 g4 50. Kf2 Nxd4 0-1


[Site "https://www.chess.com"]

[Event "Titled Tuesday Blitz March 22 Early 2022"]
[White "Stepanencu, Nicodim-Cosmin"]
[Black "Demchenko, Anton"]
[WhiteFideId "1256220"]
[BlackFideId "4160258"]
[WhiteElo "1913"]
[BlackElo "2539"]
[Result "0-1"]
[Round "01"]
[TimeControl "180+1"]
[Date "2022.03.22"]
[WhiteClock "0:00:01"]
[BlackClock "0:00:37"]

1. b3 g6 2. Bb2 Nf6 3. Nf3 Bg7 4. g3 d6 5. d4 O-O 6. Bg2 b5 7. O-O Bb7 8. Nbd2 Nbd7 9. e3 c5 10. c4 bxc4 11. Nxc4 Rc8 12. Rc1 Rc7 13. Bc3 Qa8 14. dxc5 Nxc5 15. Qe2 Rfc8 16. Bb2 Nce4 17. Nd4 Nc3 18. Bxc3 Bxg2 19. Rfe1 Bd5 20. Ba5 Rd7 21. Nd2 h5 22. Rxc8+ Qxc8 23. e4 Bb7 24. Qd3 Ng4 25. f4 Qc5 26. Bc3 e5 27. b4 Qc8 28. N4f3 d5 29. exd5 Rxd5 30. Qe2 Qxc3 31. Ne4 Qxb4 32. Nfg5 Qb6+ 0-1


[Site "https://www.chess.com"]

[Event "Titled Tuesday Blitz March 22 Early 2022"]
[White "Suarez Uriel, Adrian"]
[Black "Winkels, Marcel"]
[WhiteFideId "22230874"]
[BlackFideId "1003887"]
[WhiteElo "2316"]
[BlackElo "1900"]
[Result "1-0"]
[Round "01"]
[TimeControl "180+1"]
[Date "2022.03.22"]
[WhiteClock "0:02:24"]
[BlackClock "0:00:44"]

1. d4 Nf6 2. c4 c5 3. d5 b5 4. cxb5 a6 5. bxa6 g6 6. Nc3 Bg7 7. Nf3 O-O 8. e4 d6 9. a4 Nxa6 10. Bb5 Nc7 11. Bc6 Rb8 12. O-O Bd7 13. Re1 Bxc6 14. dxc6 Na6 15. Nb5 Qb6 16. e5 Ne8 17. exd6 exd6 18. Bg5 Qxc6 19. Be7 d5 20. Bxf8 Kxf8 21. Ne5 Qa8 22. Nd7+ Kg8 23. Nxb8 Nxb8 24. Rxe8+ Bf8 25. Qd2 Qc6 26. Rxb8 1-0


[Site "https://www.chess.com"]

[Event "Titled Tuesday Blitz March 22 Early 2022"]
[White "Svane, Rasmus"]
[Black "Pires, Marcos Vinicius Torsani"]
[WhiteFideId "4657101"]
[BlackFideId "2118939"]
[WhiteElo "2645"]
[BlackElo "2273"]
[Result "1-0"]
[Round "01"]
[TimeControl "180+1"]
[Date "2022.03.22"]
[WhiteClock "0:01:00"]
[BlackClock "0:00:12"]

1. Nf3 Nf6 2. g3 g6 3. Bg2 Bg7 4. O-O O-O 5. d4 d6 6. Re1 d5 7. c3 b6 8. c4 Bb7 9. cxd5 Nxd5 10. e4 Nf6 11. Nc3 Nbd7 12. Bf4 a6 13. a4 e6 14. Qb3 c5 15. d5 exd5 16. exd5 Re8 17. d6 Rxe1+ 18. Rxe1 Qf8 19. Re7 Re8 20. Ng5 Rxe7 21. dxe7 Qxe7 22. Bxb7 Qe1+ 23. Kg2 Qe7 24. Nd5 Nxd5 25. Bxd5 h6 26. Nxf7 Kh7 27. Nd6 Nf6 28. Bf3 h5 29. Nc4 b5 30. axb5 axb5 31. Qxb5 Ne4 32. Qc6 Nf6 33. Qb7 Qe6 34. b3 Ng4 35. Bxg4 hxg4 36. Be5 1-0


[Site "https://www.chess.com"]

[Event "Titled Tuesday Blitz March 22 Early 2022"]
[White "Tanenbaum, Zachary"]
[Black "Lagunov, Evgenij"]
[WhiteFideId "2060850"]
[BlackFideId "4125363"]
[WhiteElo "2168"]
[BlackElo "2200"]
[Result "0-1"]
[Round "01"]
[TimeControl "180+1"]
[Date "2022.03.22"]
[WhiteClock "0:00:17"]
[BlackClock "0:00:16"]

1. e4 c5 2. Nf3 e6 3. d4 cxd4 4. Nxd4 Nf6 5. Nc3 Nc6 6. Ndb5 d6 7. Bf4 e5 8. Bg5 a6 9. Na3 b5 10. Bxf6 gxf6 11. Nd5 f5 12. exf5 Bxf5 13. Qf3 Nd4 14. Nc7+ Qxc7 15. Qxa8+ Ke7 16. c3 b4 17. cxb4 Qb6 18. b5 Qa5+ 19. Kd1 Bh6 20. Qa7+ Kf6 21. b4 Qxa3 22. Qxa6 Bc2+ 23. Ke1 Qc3# 0-1


[Site "https://www.chess.com"]

[Event "Titled Tuesday Blitz March 22 Early 2022"]
[White "Tay, Junior"]
[Black "Starozhilov, Leonid"]
[WhiteFideId "5800439"]
[BlackFideId "14106752"]
[WhiteElo "2216"]
[BlackElo "2414"]
[Result "0-1"]
[Round "01"]
[TimeControl "180+1"]
[Date "2022.03.22"]
[WhiteClock "0:00:15"]
[BlackClock "0:00:02"]

1. e4 c5 2. Nf3 e6 3. d4 cxd4 4. Bg5 Qb6 5. Qxd4 Qxd4 6. Nxd4 a6 7. Nd2 Nc6 8. Nxc6 bxc6 9. Nc4 Rb8 10. Bf4 Rb5 11. O-O-O Nf6 12. f3 d5 13. Nd6+ Bxd6 14. Bxd6 Rb6 15. a4 dxe4 16. Bc7 Rb7 17. Rd8+ Ke7 18. Rxh8 Rxc7 19. Be2 c5 20. Rd1 h6 21. fxe4 Nxe4 22. Bf3 Nd6 23. Rg8 g6 24. h4 h5 25. g4 hxg4 26. Bxg4 Bb7 27. h5 gxh5 28. Bxh5 c4 29. Rg7 Be4 30. Rg4 Bf3 31. Rgg1 Bxd1 32. Rxd1 Nf5 33. Be2 Ne3 34. Rg1 Nd5 35. Rg4 c3 36. b3 a5 37. Bc4 f5 38. Rd4 Nb4 39. Bb5 Kf6 40. Rd8 Rc5 41. Ra8 Re5 42. Kd1 Rd5+ 43. Kc1 Rd2 44. Rxa5 Rxc2+ 45. Kd1 Rd2+ 46. Kc1 Na2+ 47. Kb1 Rb2+ 48. Ka1 Nb4 49. Ra8 Nc2# 0-1


[Site "https://www.chess.com"]